 Dungeon Crawl Stone Soup version 0.28.0-62-gf88900778d (webtiles) character file.

Game seed: 12757030505027631388

36197 cbfl8 the Cleaver (level 13, -4/90 HPs)
             Began as a Demonspawn Fighter on Mar 26, 2024.
             Was a Believer of Hepliaklqana.
             Slain by a minotaur simulacrum (19 damage)
             ... in an ice cave on Mar 27, 2024.
             The game lasted 00:53:00 (23068 turns).

cbfl8 the Cleaver (Demonspawn Fighter)             Turns: 23068, Time: 00:53:01

Health: -4/90      AC: 26    Str: 30    XL:     13   Next: 51%
Magic:  0/13       EV:  6    Int: 10    God:    Hepliaklqana [**....]
Gold:   1023       SH: 23    Dex: 16    Spells: 12/12 levels left

rFire   + . .      SeeInvis .   A - +2 war axe (elec)
rCold   + . .      Faith    .   B - +0 kite shield
rNeg    . . .      Spirit   +   n - +0 plate armour
rPois   .          Reflect  +   u - +2 hood of the Assassin {Detection Stab+ Stlth++}
rElec   .          Harm     +   r - +2 cloak
rCorr   .          Rampage  ∞   E - +1 pair of gloves
Will    .....                   C - +3 pair of seven-league boots {Rampage+∞}
Stlth   ..........              h - amulet of Lear {Reflect Harm Rampage SH+5}
HPRegen 0.25/turn               e - +6 ring of strength
MPRegen 0.26/turn               o - ring of Meymut {rF+ rC+ Str+6}

@: no status effects
A: reduced essence, large bone plates 2, foul stench 2, magic shield, magic
regeneration
a: Renounce Religion, Recall Ancestor, Ancestor Identity


You were in an ice cave.
You worshipped Hepliaklqana.
Hepliaklqana was pleased with you.
You visited 2 branches of the dungeon, and saw 15 of its levels.
You also visited: Ice Cave.

You collected 1023 gold pieces.

Inventory:

Hand Weapons
 A - a +2 war axe of electrocution (weapon)
Missiles
 f - 9 throwing nets
Armour
 n - a +0 plate armour (worn)
 r - a +2 cloak (worn)
 u - the +2 hood of the Assassin (worn) {Detection Stab+ Stlth++}
   (You found it on level 12 of the Dungeon)

   It allows the wearer to sense nearby creatures.
   It allows the wearer to make particularly effective stabbing attacks against
   helpless or unaware enemies with any weapon.
   Stlth:     It makes you much more stealthy.
 B - a +0 kite shield (worn)
 C - the +3 pair of seven-league boots (worn) {Rampage+∞}
   (You found it on level 12 of the Dungeon)

   Its wearer moves as far as possible in that direction when moving towards
   enemies.
 E - a +1 pair of gloves (worn)
Jewellery
 e - a +6 ring of strength (left hand)
 h - the amulet of Lear (around neck) {Reflect Harm Rampage SH+5}
   (You took it off a tengu conjurer on level 12 of the Dungeon)

   [amulet of reflection]

   It reflects blocked missile attacks.
   SH:        It affects your SH (+5).
   Harm:      It increases damage dealt and taken.
   Rampage:   It bestows one free step when moving towards enemies.
 o - the ring of Meymut (right hand) {rF+ rC+ Str+6}
   (You found it on level 3 of the Dungeon)

   [ring of strength]

   Str:       It affects your strength (+6).
   rF:        It protects you from fire.
   rC:        It protects you from cold.
Wands
 i - a wand of iceblast (3) (quivered)
 w - a wand of polymorph (1)
 y - a wand of digging (5)
Scrolls
 d - a scroll of amnesia
 g - 2 scrolls of noise
 k - 2 scrolls of immolation
 l - a scroll of fog
 s - 2 scrolls of blinking
 v - a scroll of fear
 x - 2 scrolls of silence
Potions
 a - 2 potions of mutation {unknown}
 c - a potion of berserk rage {unknown}
 j - a potion of ambrosia {unknown}
 m - 3 potions of flight
 p - a potion of invisibility {unknown}
 t - 4 potions of cancellation {unknown}
 z - 2 potions of heal wounds {unknown}
 D - a potion of haste
 F - 3 potions of curing


   Skills:
 + Level 8.8 Fighting
 + Level 12.9 Axes
 + Level 8.9 Armour
 + Level 9.9 Shields
 * Level 10.6 Evocations


You had 12 spell levels left.
You didn't know any spells.
Your spell library contained the following spells:

 Spells                   Type           Power      Damage    Failure   Level
 Summon Small Mammal      Summ           0%         N/A       100%        1
 Blink                    Tloc           0%         N/A       100%        2
 Passwall                 Tmut/Erth      0%         N/A       100%        2
 Call Canine Familiar     Summ           0%         N/A       100%        3
 Conjure Flame            Conj/Fire      0%         6-21      100%        3
 Frozen Ramparts          Ice            0%         1d2       100%        3
 Gell's Gravitas          Tloc           0%         N/A       100%        3
 Ignite Poison            Fire/Tmut/Pois 0%         N/A       100%        3
 Lesser Beckoning         Tloc           0%         N/A       100%        3
 Ozocubu's Armour         Ice            0%         N/A       100%        3
 Spider Form              Tmut/Pois      0%         N/A       100%        3
 Summon Guardian Golem    Hex/Summ       0%         N/A       100%        3
 Teleport Other           Tloc           0%         N/A       100%        3
 Tukima's Dance           Hex            0%         N/A       100%        3
 Anguish                  Hex/Necr       0%         N/A       100%        4
 Ice Form                 Ice/Tmut       0%         N/A       100%        4
 Sticky Flame             Conj/Fire      0%         2d3       100%        4
 Summon Ice Beast         Ice/Summ       0%         N/A       100%        4
 Fireball                 Conj/Fire      0%         3d3       100%        5
 Manifold Assault         Tloc           0%         N/A       100%        5
 Enfeeble                 Hex            0%         N/A       100%        7
 Ozocubu's Refrigeration  Ice            0%         4d5       100%        7
 Storm Form               Tmut/Air       0%         N/A       100%        7
 Lehudib's Crystal Spear  Conj/Erth      0%         10d2      100%        8


Dungeon Overview and Level Annotations

Branches:
Dungeon (14/15)            Temple (1/1) D:6            Lair (0/6) D:10
    Orc (0/2) D:12         Vaults (0/5) D:13          IceCv (1/1)

Altars:
Ashenzari
Cheibriados
Dithmenos
Elyvilon
Fedhas
Gozag
Hepliaklqana
Kikubaaqudgha
Makhleb
Nemelex Xobeh
Okawaru
Qazlal
Sif Muna
Trog
Uskayaw
Vehumet
Wu Jian
Xom
Yredelemnul
Zin
The Shining One

Shops:
D:1 [   D:14 :

Annotations:
D:4 2 runed translucent doors
D:7 2 transporters


Innate Abilities, Weirdness & Mutations

Your life essence is reduced to manifest your ancestor. (-10% HP)
You are mostly covered in large bone plates. (SH +6)
You sometimes emit foul miasma when damaged in melee.
When hurt, damage is shared between your health and your magic reserves.
You regenerate magic rapidly.


Message History

The deep troll simulacrum vaporises!
You barely miss the entropy weaver simulacrum.
You barely miss the minotaur simulacrum.
The entropy weaver simulacrum hits you!
The entropy weaver simulacrum freezes you!
You resist.
* * * LOW HITPOINT WARNING * * *
You block the entropy weaver simulacrum's attack. x2
The entropy weaver simulacrum hits you but does no damage.
You hit the entropy weaver simulacrum.
Lightning courses through the entropy weaver simulacrum!
The entropy weaver simulacrum vaporises!
You hit the ice devil but do no damage.
You completely miss the minotaur simulacrum.
The minotaur simulacrum hits you but does no damage.
The minotaur simulacrum gores you but does no damage.
You block the ice devil's attack.
You slash the ice devil!
The ice devil is moderately wounded.
You hit the minotaur simulacrum.
The minotaur simulacrum hits you but does no damage.
The minotaur simulacrum gores you but does no damage.
You block the ice devil's attack.
You slash the ice devil!
Lightning courses through the ice devil!
You kill the ice devil!
You slash the minotaur simulacrum!
The minotaur simulacrum hits you but does no damage.
The minotaur simulacrum gores you but does no damage.
You hit the minotaur simulacrum but do no damage.
The minotaur simulacrum is severely damaged.
You block the minotaur simulacrum's attack.
The minotaur simulacrum gores you but does no damage.
You hit the minotaur simulacrum but do no damage.
Lightning courses through the minotaur simulacrum!
The minotaur simulacrum is almost destroyed.
The minotaur simulacrum hits you!
* * * LOW HITPOINT WARNING * * *
The minotaur simulacrum freezes you!! You resist.
You die...

### #..#####
# #.∩....#.##
#..∩@....#
#.##..Z°....#
####.###..#
## .


You could see a minotaur simulacrum.

Vanquished Creatures
  Nessos (D:13)
  A fire dragon (D:12)
  Josephine (D:13)
  A hydra (D:13)
  A boulder beetle (D:12)
  A centaur warrior (D:13)
  5 two-headed ogres
  Erica (D:11)
  A death knight (D:12)
  Urug (D:11)
  Pikel (D:4)
  2 deep elf pyromancers (D:12)
  3 ugly things (D:12)
  A cyclops (D:13)
  A manticore (D:14)
  2 gargoyles
  A kobold demonologist (D:12)
  An unseen horror (D:12)
  Maggie (D:6)
  A yaktaur (D:12)
  A tengu conjurer (D:12)
  An ice devil (IceCv)
  An entropy weaver simulacrum (IceCv)
  Prince Ribbit (D:5)
  9 trolls
  A slime creature (D:12)
  4 shadows
  Sigmund (D:5)
  5 wraiths
  9 yaks
  5 vampire mosquitoes
  Menkaure (D:4)
  Edmund (D:5)
  4 acid dragons
  2 water moccasins
  2 ice beasts
  6 orc warriors
  A sky beast (D:6)
  A black bear (D:3)
  A necrophage (D:7)
  5 wolves
  8 centaurs
  5 ogres
  A kobold brigand (D:9)
  2 lemures (D:4)
  Blork the orc (D:6)
  4 bullfrogs
  6 gnoll sergeants
  A scorpion (D:5)
  A deep troll simulacrum (IceCv)
  A water moccasin zombie (D:6)
  A wyvern skeleton (D:7)
  2 water moccasin skeletons
  4 killer bees (D:9)
  6 howler monkeys
  5 wights
  2 electric eels (D:10)
  10 hounds
  A jelly (D:10)
  5 centaur zombies
  2 bullfrog skeletons
  7 orc priests
  A centaur skeleton (D:7)
  6 gnoll shamans
  An iguana (D:4)
  6 orc wizards
  A killer bee zombie (D:6)
  2 hound skeletons
  2 howler monkey zombies
  35 gnolls
  7 adders
  A shadow imp (D:5)
  An ufetubus (D:6)
  An adder zombie (D:4)
  2 worms
  5 dart slugs
  45 orcs
  10 endoplasms
  5 giant cockroaches
  5 goblins
  8 hobgoblins
  11 jackals
  12 kobolds
  4 quokkas
  13 ball pythons
  10 bats
  A frilled lizard (D:2)
  6 rats
366 creatures vanquished.

Vanquished Creatures (collateral kills)
  Harold (D:9)
  A boulder beetle (D:12)
  Erolcha (D:9)
  A centaur warrior (D:12)
  A necromancer (D:13)
  2 ugly things (D:12)
  A wolf spider (D:12)
  A manticore (D:11)
  2 cyclopes
  Psyche (D:11)
  2 gargoyles (D:12)
  4 trolls
  A hornet (D:9)
  2 slime creatures (D:12)
  2 wraiths (D:13)
  A yak (D:12)
  A wyvern (D:9)
  2 vampire mosquitoes (D:13)
  An orc warrior (D:9)
  4 centaurs
  2 kobold brigands (D:9)
  2 centaur zombies (D:8)
  An orc priest (D:12)
  A hound (D:10)
  5 orc wizards
  A howler monkey zombie (D:9)
  A gnoll (D:9)
  9 orcs (D:12)
  3 kobolds (D:9)
57 creatures vanquished.

Vanquished Creatures (others)
  A wraith (D:12)
  A sky beast (D:7)
  A hound (D:10)
  11 battlemagi
  An orc wizard (D:7)
  A gnoll (D:10)
  3 fungi (D:9)
  7 plants
  4 toadstools (D:9)
30 creatures vanquished.

Grand Total: 453 creatures vanquished

Notes
Turn   | Place    | Note
-------+----------+-------------------------------------------
     0 | D:1      | cbfl8 the Demonspawn Fighter began the quest for the Orb.
     0 | D:1      | Reached XP level 1. HP: 18/18 MP: 1/1
    85 | D:1      | Found a faded altar of an unknown god.
   279 | D:1      | Gained mutation: You regenerate magic rapidly. [demonic
                  | ancestry]
   279 | D:1      | Reached XP level 2. HP: 24/24 MP: 2/2
   620 | D:1      | Found Ladeuqyrr's Armour Shoppe.
   783 | D:1      | Reached skill level 2 in Axes
   892 | D:1      | Gained mutation: You are partially covered in large bone
                  | plates. (SH +4) [demonic ancestry]
   892 | D:1      | Reached XP level 3. HP: 25/29 MP: 3/3
   943 | D:1      | Reached skill level 1 in Evocations
  1761 | D:2      | Reached XP level 4. HP: 35/35 MP: 4/4
  2537 | D:3      | Identified the ring of Meymut {rF+ rC+ Str+6}
  2954 | D:3      | Noticed a black bear
  3284 | D:4      | Noticed Menkaure
  3288 | D:5      | Entered Level 5 of the Dungeon
  3327 | D:4      | Reached skill level 3 in Axes
  3327 | D:4      | Gained mutation: You are mostly covered in large bone
                  | plates. (SH +6) [demonic ancestry]
  3327 | D:4      | Reached XP level 5. HP: 31/41 MP: 5/5
  3508 | D:4      | Found an ornate altar of the Wu Jian Council.
  3513 | D:4      | Noticed a lemure
  3513 | D:4      | Noticed a lemure
  3513 | D:4      | Noticed a lemure
  3514 | D:4      | Noticed Pikel
  3514 | D:4      | Noticed a lemure
  3828 | D:4      | Found a large runed translucent door.
  3829 | D:4      | Found a large runed translucent door.
  3845 | D:4      | Found a large runed translucent door.
  3845 | D:4      | Found a large runed translucent door.
  3874 | D:4      | Killed a lemure
  3886 | D:4      | Killed a lemure
  3893 | D:4      | Killed Pikel
  3894 | D:4      | Reached skill level 4 in Axes
  3894 | D:4      | Reached XP level 6. HP: 30/48 MP: 6/6
  3894 | D:4      | Gained mutation: You may rarely emit foul miasma when
                  | damaged in melee. [demonic ancestry]
  3894 | D:4      | Reached XP level 7. HP: 34/54 MP: 7/7
  5104 | D:4      | Reached skill level 5 in Axes
  5333 | D:4      | Killed Menkaure
  5334 | D:4      | Gained mutation: When hurt, damage is shared between your
                  | health and your magic reserves. [demonic ancestry]
  5334 | D:4      | Reached XP level 8. HP: 49/60 MP: 8/8
  5474 | D:4      | Noticed a two-headed ogre
  5495 | D:5      | Noticed Prince Ribbit
  5509 | D:5      | Killed Prince Ribbit
  5510 | D:5      | Reached skill level 6 in Axes
  5583 | D:5      | Found a snail-covered altar of Cheibriados.
  6416 | D:4      | Found a large runed translucent door.
  6425 | D:4      | Found a large runed translucent door.
  6477 | D:4      | Killed a two-headed ogre
  6478 | D:4      | Reached skill level 5 in Fighting
  6478 | D:4      | Reached skill level 7 in Axes
  6478 | D:4      | Reached skill level 5 in Shields
  6478 | D:4      | Reached skill level 5 in Evocations
  6478 | D:4      | Reached XP level 9. HP: 28/68 MP: 4/9
  6696 | D:4      | Found an ornate altar of the Wu Jian Council.
  7974 | D:5      | Reached skill level 5 in Armour
  8533 | D:5      | Reached skill level 8 in Axes
  8829 | D:5      | Noticed Sigmund
  8847 | D:5      | Killed Sigmund
  8941 | D:5      | Noticed Edmund
  8958 | D:5      | Killed Edmund
  9558 | D:6      | Noticed Blork the orc
  9569 | D:6      | Killed Blork the orc
  9677 | D:6      | Noticed Maggie
  9688 | D:6      | Killed Maggie
  9689 | D:6      | Reached XP level 10. HP: 40/76 MP: 5/10
 10174 | D:6      | Found a staircase to the Ecumenical Temple.
 10510 | Temple   | Entered the Ecumenical Temple
 10599 | Temple   | Became a worshipper of Hepliaklqana the Forgotten
 11242 | D:7      | Reached skill level 9 in Axes
 11736 | D:7      | Found a basalt altar of Yredelemnul.
 11745 | D:7      | Found a transporter.
 11752 | D:7      | Found a transporter.
 11755 | D:7      | Reached * piety under Hepliaklqana
 12820 | D:9      | Reached ** piety under Hepliaklqana
 12821 | D:9      | Remembered your ancestor Manar as a battlemage
 13106 | D:9      | Reached XP level 11. HP: 56/74 MP: 9/11
 13206 | D:9      | Noticed Harold
 13214 | D:9      | Killed Harold
 13215 | D:9      | Reached skill level 10 in Axes
 13516 | D:9      | Noticed Erolcha
 13519 | D:9      | Found an iron altar of Okawaru.
 13526 | D:9      | Killed Erolcha
 13651 | D:9      | Found a shimmering blue altar of Sif Muna.
 13952 | D:9      | Identified the +2 ring mail "Gijiek" {Int+3 Dex+3}
 14003 | D:10     | Entered Level 10 of the Dungeon
 14100 | D:10     | Noticed a two-headed ogre
 14104 | D:10     | Killed a two-headed ogre
 14654 | D:10     | Found a staircase to the Lair.
 14880 | D:11     | Noticed Psyche
 14886 | D:11     | Killed Psyche
 15258 | D:11     | Noticed Erica
 15264 | D:11     | Killed Erica
 15612 | D:11     | Reached *** piety under Hepliaklqana
 15613 | D:11     | Noticed a two-headed ogre
 15624 | D:11     | Killed a two-headed ogre
 15783 | D:11     | Noticed Urug
 15798 | D:11     | Killed Urug
 15799 | D:11     | Reached skill level 11 in Axes
 15994 | D:11     | Reached XP level 12. HP: 78/81 MP: 12/12
 16981 | D:12     | Found a staircase to the Orcish Mines.
 17276 | D:12     | Reached **** piety under Hepliaklqana
 18043 | D:10     | Found a broken altar of Ashenzari.
 19600 | D:13     | Noticed a centaur warrior
 19610 | D:13     | Killed a centaur warrior
 19615 | D:13     | Noticed Nessos
 19616 | D:13     | Noticed a two-headed ogre
 19621 | D:13     | Killed a two-headed ogre
 19621 | D:13     | Killed Nessos
 19622 | D:13     | Reached skill level 12 in Axes
 20211 | D:12     | Noticed a boulder beetle
 20224 | D:12     | Killed a boulder beetle
 20225 | D:12     | Reached skill level 10 in Evocations
 20488 | D:12     | Gained mutation: You sometimes emit foul miasma when
                  | damaged in melee. [demonic ancestry]
 20488 | D:12     | Reached XP level 13. HP: 84/88 MP: 11/13
 20884 | D:12     | Noticed a fire dragon
 21197 | D:13     | Noticed Josephine
 21209 | D:13     | Killed Josephine
 21460 | D:13     | Found a gate to the Vaults.
 22021 | D:12     | Killed a fire dragon
 22251 | D:12     | Identified the amulet of Lear {Reflect Harm Rampage SH+5}
 22706 | D:12     | Found the +3 pair of seven-league boots {Rampage+∞}
 22732 | D:12     | Found the +2 hood of the Assassin {Detection Stab+ Stlth++}
 22733 | D:12     | Got the Disquisition on Moulding and Combat Magic
 23000 | D:14     | Found Lumixt's Book Emporium.
 23051 | D:14     | Found a frozen archway.
 23057 | IceCv    | Entered an ice cave
 23068 | IceCv    | Slain by a minotaur simulacrum

Illustrated notes

Levels and vault maps discovered:
D:1:      sevenhm_arrival_forest_fort_small_5, layout_loops_ring, serial_shops,
          nicolae_shop_stone, ebering_ecumenical_altar_rust
D:2:      layout_rooms, minmay_misc_feat_pillars, minmay_tetromino_s4
D:3:      kennysheep_big_flooded_room, layout_loops_ring, nrook_loot_triangle
D:4:      layout_basic, mainiacjoe_overflow_chevrons, lemuel_tele_altar,
          minmay_hollow_rounded_squares, uniq_menkaure, uniq_pikel
D:5:      layout_cave_pools, kennysheep_slug_shrine, serial_gnoll_camp,
          gnoll_camp_huts_basic, gnoll_camp_mini_basic, gnoll_camp_mini_house,
          gnoll_camp_medium_02, sigmund_edmund_badplayer, uniq_prince_ribbit1
D:6:      layout_loops_corners, minmay_temple_entry_overgrown,
          uniq_blork_the_orc, uniq_maggie
D:7:      layout_basic, gammafunk_temple_overflow_arena, grunt_ogre_cave,
          nicolae_grassy_gnolls
D:8:      nicolae_cairo_tiling_large_dashed, layout_loops_ring,
          minmay_starry_boxes
D:9:      minmay_s_stair_smasher, layout_cave_pools, grunt_temple_overflow_open,
          minmay_gold_behind_fungi, uniq_harold, uniq_erolcha
D:10:     layout_cave_pods, mainiacjoe_overflow_alcove_4, erik_lair_island,
          hangedman_abyss_or_decor_jellyfish_corner, grunt_decor_junction,
          lemuel_old_faithful
D:11:     layout_basic, uniq_urug, uniq_psyche, uniq_erica
D:12:     minmay_the_grid_octo_tiled_squarecenter
          [minmay_the_grid_octo_fat_diamond, minmay_the_grid_octo_concentric,
          minmay_the_grid_octo_toaster, minmay_the_grid_octo_focus,
          minmay_the_grid_square_5x5_megaprize_diamond,
          minmay_the_grid_square_5x5_inverted_slash,
          minmay_the_grid_square_5x5_bracketed,
          minmay_the_grid_square_5x5_bridge,
          minmay_the_grid_square_5x5_gyroscope], layout_stronghold,
          hiddenorc2_lemuel
D:13:     layout_basic, david_vaults_1, uniq_nessos, uniq_josephine
D:14:     layout_roguey, serial_shops, nicolae_inconvenience_store,
          nicolae_qazlal_style_of_elements, portal_ice_cave_entry_pillars_four
Temple:   regret_index_temple_waves
IceCv:    ice_cave_caverns_02

Skill      XL: |  1  2  3  4  5  6  7  8  9 10 11 12 |
---------------+-------------------------------------+-----
Axes           | 2 3 4 5 7 8 9 11 12 | 12.9
Armour         | 3 4 5 6 7 8 |  8.9
Shields        | 3 4 5 6 7 8 9 |  9.9
Evocations     | 1 3 5 6 7 8 10 | 10.6
Fighting       | 4 5 6 7 8 |  8.8

Action                   |  1- 3 |  4- 6 |  7- 9 | 10-12 | 13-15 || total
-------------------------+-------+-------+-------+-------+-------++-------
Melee: War axe           |   103 |   126 |   337 |   547 |   138 ||  1251
Invok: Ancestor Life: Ba |       |       |       |     1 |       ||     1
Evoke: Wand              |       |       |     4 |    19 |     2 ||    25
  Use: Potion            |     1 |     3 |       |     1 |     1 ||     6
       Scroll            |     3 |     6 |     4 |    10 |     6 ||    29
 Stab: Distracted        |       |       |       |     5 |     1 ||     6
       Paralysed         |       |       |       |    11 |       ||    11
Armor: Scale mail        |    63 |       |       |       |       ||    63
       Plate armour      |     1 |    95 |   157 |   242 |    84 ||   579
Dodge: Dodged            |    52 |    54 |    94 |   121 |    30 ||   351
Block: Buckler           |    37 |    93 |   236 |    78 |       ||   444
       Kite shield       |       |       |       |   354 |   127 ||   481
       Reflection        |       |       |       |       |     1 ||     1
